 Dungeon Crawl Stone Soup version 0.14-a0-2124-ga163777 (webtiles) character file.

241 ReteAZ the Digger (level 4, -10/21 HPs)
             Began as a Vine Stalker Earth Elementalist on Jan 27, 2014.
             Killed by divine providence
             ... invoked by an orc priest
              (13 damage)
             ... on Level 3 of the Dungeon.
             The game lasted 00:07:26 (1812 turns).

ReteAZ the Digger (Vine Stalker Earth Elementalist) Turns: 1812, Time: 00:07:26

HP -10/21        AC  2     Str 11      XL: 4   Next: 44%
MP   0/8         EV 12     Int 16      God:
Gold 158         SH  0     Dex 14      Spells:  3 memorised,  1 level left

rFire  . . .     SeeInvis .     (no weapon)
rCold  . . .     Clarity  .     c - +0 robe
rNeg   . . .     Conserve .     (no shield)
rPois  .         rCorr    .     (no helmet)
rElec  .         rRot     +     (no cloak)
SustAb . .       Spirit   +     (no gloves)
rMut   .         Warding  .     (no boots)
Saprov . . .     Stasis   .     (no amulet)
MR     .....                    (no ring)
                                m - ring of flight

@: not resistant to hostile enchantments, fairly stealthy
A: fangs 2, regeneration 1, magic shield, antimagic bite, no device heal
a: Evoke Flight


You were on level 3 of the Dungeon.
You were not hungry.

You visited 1 branch of the dungeon, and saw 3 of its levels.

You collected 158 gold pieces.

Inventory:

Missiles
 b - 31 stones
 f - 8 tomahawks (quivered)
Armour
 c - a +0 robe (worn)
 v - a +0 elven shield
Comestibles
 a - 3 bread rations
 h - a snozzcumber
 r - 3 meat rations
 w - a rotting chunk of quokka flesh
 x - a chunk of giant gecko flesh
 z - a chunk of bat flesh
Scrolls
 e - a scroll of curse jewellery {unknown}
 i - a scroll of fog {unknown}
 k - 5 scrolls of identify {unknown}
 l - a scroll of noise {unknown}
 n - 2 scrolls of curse armour {unknown}
 o - a scroll of amnesia {unknown}
 p - a scroll of enchant armour {unknown}
 q - 2 scrolls of magic mapping {unknown}
 u - a scroll of remove curse {unknown}
Jewellery
 m - a ring of flight (left hand)
Potions
 g - a potion of magic {unknown}
 j - 2 potions of heal wounds
 s - a potion of invisibility {unknown}
 t - a potion of restore abilities {unknown}
Books
 d - a book of Geomancy

   Spells                             Type                      Level
   *Sandblast                         Earth                        1
   *Stoneskin                         Transmutation/Earth          2
   Passwall                           Transmutation/Earth          3
   *Stone Arrow                       Conjuration/Earth            3
   Petrify                            Transmutation/Earth          4
   Lee's Rapid Deconstruction         Earth                        5


   Skills:
 - Level 1.5 Dodging
 - Level 2.4 Stealth
 - Level 2.1 Spellcasting
 - Level 1.0 Transmutations
 + Level 5.1 Earth Magic


You had one spell level left.
You knew the following spells:

 Your Spells              Type           Power        Failure   Level  Hunger
a - Sandblast             Erth           ###...       2%          1    #......
b - Stoneskin             Trmt/Erth      ##........   10%         2    ##.....
c - Stone Arrow           Conj/Erth      #.....       21%         3    ####...


Dungeon Overview and Level Annotations

Branches:
Dungeon (3/16)

Altars:


Innate Abilities, Weirdness & Mutations

You have extremely sharp teeth.
Your natural rate of healing is unusually fast.
When hurt, damage is shared between your health and your magic reserves.
Your bite disrupts and absorbs the magic of your enemies.
Potions and wands cannot restore your HP.


Message History

You hit the orc.
The orc is heavily wounded.
The orc hits you with an orcish hand axe.
You hit the orc. You bite the orc. You drain its power.
You feel invigorated.
You kill the orc!
An orc comes into view. It is wielding an orcish hand axe.
The orc shouts!
The orc priest hits you with an orcish mace.
The orc priest mumbles some strange prayers to Beogh against you.
Something smites you!
Ouch! That really hurt!
* * * LOW HITPOINT WARNING * * *
You see here an orcish hand axe.
Drink which item? (? for menu, Esc to quit)
That seemed strangely inert.
It was a potion of heal wounds.
The orc priest barely misses you.
The orc priest mumbles some strange prayers to Beogh against you.
Something smites you!
Ouch! That really hurt!
You die...

# #.. #.#
#.########.####
#.#>..@oooo....
#.#'######.####
#.....# #####
#.....#
....#######.....#
................+
#...............#
#.#.#######.....#
#.#.# #.....#


You could see 2 orc priests and 2 orcs.

Vanquished Creatures
  3 adders (D:2)
  A worm (D:2)
  3 giant geckos
  An orc (D:3)
  10 goblins
  8 hobgoblins
  A quokka (D:2)
  7 bats
  2 giant newts (D:1)
  6 kobolds
  3 rats
45 creatures vanquished.

Notes
Turn   | Place    | Note
--------------------------------------------------------------
     0 | D:1      | ReteAZ, the Vine Stalker Earth Elementalist, began the quest for the Orb.
     0 | D:1      | Reached XP level 1. HP: 9/9 MP: 3/3
    79 | D:1      | Reached XP level 2. HP: 7/13 MP: 0/5
   217 | D:1      | Learned a level 2 spell: Stoneskin
   476 | D:1      | Reached skill level 4 in Earth Magic
   540 | D:1      | Reached XP level 3. HP: 14/16 MP: 7/7
  1261 | D:2      | Reached XP level 4. HP: 21/21 MP: 3/8
  1474 | D:2      | Reached skill level 5 in Earth Magic
  1497 | D:2      | Learned a level 3 spell: Stone Arrow
  1812 | D:3      | Killed from afar by an orc priest

Action                   |  1- 3 |  4- 6 || total
-------------------------+-------+-------++-------
Melee: Unarmed           |    93 |    46 ||   139
 Cast: Sandblast         |    33 |     9 ||    42
  Use: Potion            |       |     1 ||     1
 Stab: Sleeping          |       |     1 ||     1
